[ AOE2 MATCH · #486698506 ]
UnrankedGeorgians vs Bohemians
[ REPLAY ANALYSIS · EXTRACTED FROM THE RECORDED GAME ]
Feudal
8:31
Castle
25:54
Imperial
30:53
| APM avg | 38.4 |
| APM peak | 87 |
| eAPM avg | 25.3 |
| Villagers / military | 145 / 130 |
Focus
⚔️ 29.5% · 🌾 70.5%
Skirmisher ×123 · Hand Cannoneer ×3 · Trebuchet (Packed) ×3 · Petard ×1
Feudal
10:31
Castle
14:05
Imperial
28:34
| APM avg | 33.3 |
| APM peak | 98 |
| eAPM avg | 22.8 |
| Villagers / military | 155 / 504 |
Focus
⚔️ 45.2% · 🌾 54.8%
Spearman ×474 · Bombard Cannon ×29 · Trebuchet (Packed) ×1
Feudal
10:32
Castle
14:02
Imperial
28:53
| APM avg | 54.5 |
| APM peak | 92 |
| eAPM avg | 30.4 |
| Villagers / military | 231 / 368 |
Focus
⚔️ 44.6% · 🌾 55.4%
Spearman ×278 · Militia ×72 · Trade Cart ×23 · Trebuchet (Packed) ×12 · Centurion ×6
Feudal
9:44
Castle
15:06
Imperial
35:21
| APM avg | 50.3 |
| APM peak | 116 |
| eAPM avg | 29.7 |
| Villagers / military | 153 / 196 |
Focus
⚔️ 34.9% · 🌾 65.1%
Scout Cavalry ×131 · Elephant Archer ×56 · Trebuchet (Packed) ×5 · Monk ×2 · Mangonel ×1 · Armored Elephant ×1
Feudal
11:22
Castle
14:55
Imperial
32:35
| APM avg | 48.0 |
| APM peak | 77 |
| eAPM avg | 25.7 |
| Villagers / military | 158 / 179 |
Focus
⚔️ 50.0% · 🌾 50.0%
Longbowman ×164 · Trebuchet (Packed) ×12 · Trade Cart ×3 · Petard ×2 · Spearman ×1
Feudal
10:37
Castle
14:11
Imperial
34:45
| APM avg | 38.7 |
| APM peak | 88 |
| eAPM avg | 15.4 |
| Villagers / military | 207 / 213 |
Focus
⚔️ 25.5% · 🌾 74.5%
Archer ×113 · Skirmisher ×100 · Unknown (1942) ×3
Feudal
10:26
Castle
13:45
Imperial
28:14
| APM avg | 35.7 |
| APM peak | 115 |
| eAPM avg | 21.5 |
| Villagers / military | 136 / 384 |
Focus
⚔️ 50.4% · 🌾 49.6%
Scout Cavalry ×228 · Knight ×87 · Skirmisher ×36 · Hand Cannoneer ×22 · Trebuchet (Packed) ×8 · Bombard Cannon ×2
Feudal
11:24
Castle
15:07
Imperial
31:25
| APM avg | 64.3 |
| APM peak | 123 |
| eAPM avg | 38.5 |
| Villagers / military | 209 / 339 |
Focus
⚔️ 56.3% · 🌾 43.7%
Militia ×116 · Konnik ×111 · Skirmisher ×78 · Knight ×22 · Monk ×6 · Scout Cavalry ×5
Match map
Initial resources + every placement click. Lines = walls · curves = elevation contours. ◆ gold · ⬟ stone · ● berries · ✦ relic · ◌ wall gap
Your base· ✓ Closed at 25:54 · 0t walls · 4 gate(s)
T1m's base· ✓ Closed at 14:05 · 2t walls · 3 gate(s)
DS_TheHeartless's base· ✓ Closed at 14:02 · 0t walls · 3 gate(s)
QNA | Apachai Hopachai's base· ✓ Closed at 15:06 · 29t walls · 5 gate(s)
nordap's base· ✓ Closed at 14:55 · 1t walls · 2 gate(s)
Warking's base· ✓ Closed at 14:11 · 0t walls · 3 gate(s)
梅子雨's base· ✓ Closed at 13:45 · 0t walls · 2 gate(s)
DS_Moai's base· ✓ Closed at 15:07 · 0t walls · 2 gate(s)
Smoothed initial terrain · ◌ = detected wall gap · hover for details
Inputs per minute
— DL | Tortafuller - - T1m
Build order — DL | Tortafuller
First 150 of 365 actions detected
| 0:01 | Create | Villager (Male) |
| 0:01 | Create | Villager (Male) |
| 0:02 | Create | Villager (Male) |
| 0:02 | Create | Villager (Male) |
| 0:02 | Create | Villager (Male) |
| 0:03 | Build | House |
| 0:05 | Build | House |
| 1:37 | Create | Villager (Male) |
| 1:37 | Create | Villager (Male) |
| 1:37 | Create | Villager (Male) |
| 2:07 | Create | Villager (Male) |
| 2:07 | Create | Villager (Male) |
| 2:22 | Create | Villager (Male) |
| 2:50 | Create | Villager (Male) |
| 3:26 | Create | Villager (Male) |
| 3:31 | Create | Villager (Male) |
| 3:53 | Build | House |
| 4:08 | Create | Villager (Male) |
| 4:08 | Create | Villager (Male) |
| 4:11 | Build | Mill |
| 5:05 | Create | Villager (Male) |
| 5:11 | Create | Villager (Male) |
| 5:32 | Research | Loom |
| 6:13 | Research | Feudal Age |
| 6:39 | Build | Mule Cart |
| 7:13 | Create | Villager (Male) |
| 8:00 | Create | Villager (Male) |
| 8:27 | Create | Villager (Male) |
| 8:31 | Age | Feudal Age |
| 8:33 | Build | House |
| 8:38 | Build | Watch Tower |
| 8:51 | Create | Villager (Male) |
| 9:42 | Create | Villager (Male) |
| 9:54 | Research | Double-Bit Axe |
| 10:10 | Build | House |
| 10:18 | Create | Villager (Male) |
| 10:36 | Build | House |
| 10:52 | Build | Watch Tower |
| 11:01 | Build | Palisade Gate |
| 11:18 | Create | Villager (Male) |
| 11:19 | Create | Villager (Male) |
| 11:58 | Create | Villager (Male) |
| 12:00 | Create | Villager (Male) |
| 12:17 | Build | Watch Tower |
| 12:18 | Create | Villager (Male) |
| 12:35 | Build | Palisade Gate |
| 12:42 | Build | House |
| 12:45 | Research | Horse Collar |
| 12:50 | Build | Farm |
| 12:51 | Build | Farm |
| 13:20 | Create | Villager (Male) |
| 13:41 | Create | Villager (Male) |
| 13:56 | Create | Villager (Male) |
| 14:03 | Create | Villager (Male) |
| 14:09 | Build | Farm |
| 14:11 | Build | Farm |
| 14:11 | Build | Farm |
| 14:12 | Build | Farm |
| 14:12 | Build | Farm |
| 14:21 | Build | Watch Tower |
| 14:29 | Build | House |
| 14:40 | Create | Villager (Male) |
| 14:41 | Create | Villager (Male) |
| 15:02 | Create | Villager (Male) |
| 15:20 | Create | Villager (Male) |
| 15:29 | Build | Watch Tower |
| 15:30 | Create | Villager (Male) |
| 15:59 | Create | Villager (Male) |
| 16:21 | Create | Villager (Male) |
| 16:33 | Create | Villager (Male) |
| 16:39 | Build | House |
| 16:43 | Build | Farm |
| 16:44 | Build | Farm |
| 16:48 | Build | Blacksmith |
| 17:18 | Build | Watch Tower |
| 17:22 | Create | Villager (Male) |
| 17:23 | Create | Villager (Male) |
| 17:27 | Create | Villager (Male) |
| 17:32 | Create | Villager (Male) |
| 17:37 | Create | Villager (Male) |
| 17:45 | Create | Villager (Male) |
| 18:02 | Build | House |
| 18:10 | Build | Farm |
| 18:12 | Build | Farm |
| 18:13 | Create | Villager (Male) |
| 18:17 | Build | Mule Cart |
| 18:24 | Build | House |
| 18:35 | Research | Fletching |
| 18:36 | Create | Villager (Male) |
| 18:49 | Build | House |
| 19:04 | Create | Villager (Male) |
| 19:13 | Build | Farm |
| 19:14 | Build | Farm |
| 19:14 | Build | Farm |
| 19:14 | Build | Farm |
| 19:15 | Build | Farm |
| 19:18 | Create | Villager (Male) |
| 19:21 | Build | Farm |
| 19:43 | Build | Watch Tower |
| 19:48 | Create | Villager (Male) |
| 20:16 | Create | Villager (Male) |
| 20:23 | Create | Villager (Male) |
| 20:24 | Build | Farm |
| 20:27 | Build | Farm |
| 20:34 | Build | Farm |
| 21:07 | Create | Villager (Male) |
| 21:19 | Create | Villager (Male) |
| 21:26 | Build | Farm |
| 21:27 | Build | Farm |
| 21:36 | Create | Villager (Male) |
| 21:51 | Build | Market |
| 21:59 | Research | Wheelbarrow |
| 22:16 | Build | Watch Tower |
| 23:00 | Research | Castle Age |
| 23:13 | Build | House |
| 23:48 | Build | House |
| 24:33 | Create | Villager (Male) |
| 25:54 | Age | Castle Age |
| 25:56 | Build | Castle |
| 26:18 | Create | Villager (Male) |
| 26:19 | Create | Villager (Male) |
| 27:08 | Create | Villager (Male) |
| 27:24 | Create | Petard |
| 27:43 | Research | Imperial Age |
| 29:29 | Create | Villager (Male) |
| 29:30 | Build | Mule Cart |
| 29:37 | Research | Gold Mining |
| 29:41 | Research | Bow Saw |
| 30:02 | Create | Villager (Male) |
| 30:53 | Age | Imperial Age |
| 31:19 | Build | Town Center |
| 31:34 | Create | Villager (Male) |
| 31:35 | Create | Villager (Male) |
| 31:49 | Build | Farm |
| 32:00 | Create | Villager (Male) |
| 32:12 | Build | University |
| 32:26 | Build | House |
| 32:29 | Build | House |
| 32:32 | Create | Villager (Male) |
| 32:40 | Research | Bodkin Arrow |
| 32:41 | Research | Padded Archer Armor |
| 32:56 | Create | Villager (Male) |
| 33:14 | Build | Barracks |
| 33:25 | Create | Villager (Male) |
| 33:29 | Research | Bracer |
| 33:30 | Research | Leather Archer Armor |
| 33:34 | Research | Chemistry |
| 33:41 | Create | Villager (Male) |
| 33:54 | Build | Archery Range |
| 34:04 | Build | Barracks |
Build order — T1m
First 150 of 511 actions detected
| 0:01 | Create | Villager (Male) |
| 0:01 | Create | Villager (Male) |
| 0:01 | Create | Villager (Male) |
| 0:02 | Build | House |
| 0:03 | Build | House |
| 0:06 | Create | Villager (Male) |
| 1:41 | Create | Villager (Male) |
| 1:41 | Create | Villager (Male) |
| 1:50 | Create | Villager (Male) |
| 1:54 | Build | Lumber Camp |
| 2:17 | Create | Villager (Male) |
| 2:43 | Create | Villager (Male) |
| 3:16 | Create | Villager (Male) |
| 3:17 | Create | Villager (Male) |
| 3:38 | Create | Villager (Male) |
| 3:39 | Create | Villager (Male) |
| 3:53 | Build | House |
| 4:11 | Create | Villager (Male) |
| 4:18 | Build | House |
| 4:50 | Build | Mill |
| 4:55 | Create | Villager (Male) |
| 4:55 | Create | Villager (Male) |
| 5:38 | Create | Villager (Male) |
| 6:01 | Create | Villager (Male) |
| 6:31 | Create | Villager (Male) |
| 7:05 | Create | Villager (Male) |
| 7:07 | Create | Villager (Male) |
| 7:30 | Create | Villager (Male) |
| 7:38 | Build | Farm |
| 7:45 | Build | Farm |
| 7:50 | Research | Feudal Age |
| 8:01 | Build | Mining Camp |
| 9:27 | Create | Villager (Male) |
| 9:50 | Build | House |
| 10:31 | Age | Feudal Age |
| 10:36 | Build | Market |
| 10:38 | Build | Blacksmith |
| 10:42 | Build | Palisade Wall |
| 10:47 | Create | Villager (Male) |
| 11:25 | Research | Castle Age |
| 11:34 | Build | Farm |
| 11:37 | Build | Farm |
| 12:23 | Research | Double-Bit Axe |
| 12:24 | Research | Horse Collar |
| 13:18 | Create | Villager (Male) |
| 14:05 | Age | Castle Age |
| 14:09 | Build | Town Center |
| 14:13 | Build | Town Center |
| 14:15 | Create | Villager (Male) |
| 14:17 | Research | Bow Saw |
| 14:26 | Build | Farm |
| 14:36 | Build | House |
| 14:38 | Create | Villager (Male) |
| 14:46 | Build | Farm |
| 15:00 | Create | Villager (Male) |
| 15:04 | Build | Farm |
| 15:16 | Build | House |
| 15:24 | Create | Villager (Male) |
| 15:27 | Build | Farm |
| 15:29 | Create | Villager (Male) |
| 15:29 | Create | Villager (Male) |
| 15:37 | Create | Villager (Male) |
| 15:43 | Build | Farm |
| 15:43 | Build | Farm |
| 15:44 | Build | Farm |
| 15:49 | Build | Farm |
| 15:56 | Build | Farm |
| 16:00 | Create | Villager (Male) |
| 16:09 | Create | Villager (Male) |
| 16:10 | Create | Villager (Male) |
| 16:20 | Build | Farm |
| 16:21 | Build | Farm |
| 16:22 | Build | Farm |
| 16:31 | Create | Villager (Male) |
| 16:34 | Create | Villager (Male) |
| 16:41 | Build | Farm |
| 16:43 | Build | Farm |
| 16:53 | Create | Villager (Male) |
| 16:56 | Build | Farm |
| 16:58 | Build | Farm |
| 17:02 | Create | Villager (Male) |
| 17:03 | Create | Villager (Male) |
| 17:03 | Create | Villager (Male) |
| 17:03 | Create | Villager (Male) |
| 17:23 | Build | Farm |
| 17:23 | Create | Villager (Male) |
| 17:32 | Create | Villager (Male) |
| 17:33 | Create | Villager (Male) |
| 17:36 | Build | Farm |
| 17:53 | Create | Villager (Male) |
| 17:55 | Create | Villager (Male) |
| 17:55 | Create | Villager (Male) |
| 17:57 | Build | Farm |
| 17:58 | Build | Farm |
| 18:02 | Build | Farm |
| 18:03 | Create | Villager (Male) |
| 18:04 | Create | Villager (Male) |
| 18:08 | Build | Farm |
| 18:10 | Create | Villager (Male) |
| 18:10 | Create | Villager (Male) |
| 18:13 | Build | Farm |
| 18:18 | Build | House |
| 18:20 | Build | House |
| 18:20 | Create | Villager (Male) |
| 18:24 | Create | Villager (Male) |
| 18:28 | Build | House |
| 18:29 | Build | House |
| 18:33 | Create | Villager (Male) |
| 18:45 | Build | Farm |
| 18:46 | Create | Villager (Male) |
| 18:46 | Create | Villager (Male) |
| 19:01 | Research | Wheelbarrow |
| 19:01 | Research | Wheelbarrow |
| 19:10 | Build | Farm |
| 19:12 | Build | Farm |
| 19:13 | Create | Villager (Male) |
| 19:13 | Create | Villager (Male) |
| 19:15 | Build | House |
| 19:20 | Build | House |
| 19:21 | Build | House |
| 19:27 | Create | Villager (Male) |
| 19:32 | Create | Villager (Male) |
| 19:32 | Create | Villager (Male) |
| 19:34 | Create | Villager (Male) |
| 19:46 | Build | House |
| 19:51 | Build | Farm |
| 19:55 | Build | Farm |
| 19:57 | Create | Villager (Male) |
| 19:57 | Create | Villager (Male) |
| 20:15 | Create | Villager (Male) |
| 20:20 | Create | Villager (Male) |
| 20:21 | Create | Villager (Male) |
| 20:21 | Create | Villager (Male) |
| 20:36 | Build | Town Center |
| 20:37 | Create | Villager (Male) |
| 20:39 | Build | House |
| 20:42 | Build | House |
| 20:44 | Create | Villager (Male) |
| 20:55 | Create | Villager (Male) |
| 20:55 | Create | Villager (Male) |
| 20:58 | Research | Heavy Plow |
| 21:02 | Build | Farm |
| 21:09 | Build | House |
| 21:14 | Build | House |
| 21:16 | Create | Villager (Male) |
| 21:16 | Create | Villager (Male) |
| 21:22 | Build | Outpost |
| 21:25 | Build | Outpost |
| 21:28 | Build | Outpost |
| 21:30 | Build | Outpost |
Build order — DS_TheHeartless
First 150 of 550 actions detected
| 0:01 | Create | Villager (Male) |
| 0:02 | Build | House |
| 0:03 | Build | House |
| 0:12 | Create | Villager (Male) |
| 0:26 | Create | Villager (Male) |
| 0:31 | Create | Villager (Male) |
| 0:31 | Create | Villager (Male) |
| 1:41 | Create | Villager (Male) |
| 2:02 | Create | Villager (Male) |
| 2:03 | Build | Lumber Camp |
| 2:10 | Create | Villager (Male) |
| 2:10 | Create | Villager (Male) |
| 2:21 | Create | Villager (Male) |
| 2:55 | Create | Villager (Male) |
| 2:55 | Create | Villager (Male) |
| 3:13 | Create | Villager (Male) |
| 3:27 | Build | House |
| 4:00 | Build | House |
| 4:06 | Create | Villager (Male) |
| 4:15 | Build | Mill |
| 4:30 | Build | House |
| 4:35 | Create | Villager (Male) |
| 4:47 | Create | Villager (Male) |
| 5:00 | Create | Villager (Male) |
| 5:17 | Create | Villager (Male) |
| 5:17 | Create | Villager (Male) |
| 5:33 | Create | Villager (Male) |
| 5:51 | Create | Villager (Male) |
| 5:51 | Create | Villager (Male) |
| 6:12 | Create | Villager (Male) |
| 6:25 | Create | Villager (Male) |
| 6:32 | Create | Villager (Male) |
| 6:55 | Create | Villager (Male) |
| 7:47 | Create | Villager (Male) |
| 8:05 | Build | Mining Camp |
| 8:08 | Research | Feudal Age |
| 8:12 | Build | Farm |
| 8:14 | Build | Farm |
| 8:16 | Build | Farm |
| 9:48 | Create | Villager (Male) |
| 9:48 | Create | Villager (Male) |
| 10:32 | Age | Feudal Age |
| 10:34 | Build | Market |
| 10:35 | Build | Blacksmith |
| 10:57 | Build | House |
| 11:21 | Research | Castle Age |
| 11:21 | Research | Castle Age |
| 11:51 | Research | Horse Collar |
| 11:52 | Research | Double-Bit Axe |
| 11:53 | Research | Double-Bit Axe |
| 11:56 | Build | Farm |
| 11:58 | Build | Farm |
| 14:02 | Age | Castle Age |
| 14:06 | Build | Town Center |
| 14:10 | Build | Town Center |
| 14:12 | Create | Villager (Male) |
| 14:13 | Research | Bow Saw |
| 14:16 | Research | Heavy Plow |
| 14:19 | Create | Villager (Male) |
| 14:27 | Create | Villager (Male) |
| 14:37 | Create | Villager (Male) |
| 14:42 | Build | Farm |
| 14:57 | Build | Farm |
| 15:09 | Create | Villager (Male) |
| 15:15 | Build | Farm |
| 15:27 | Create | Villager (Male) |
| 15:27 | Create | Villager (Male) |
| 15:31 | Build | Farm |
| 15:36 | Create | Villager (Male) |
| 15:38 | Build | Farm |
| 15:44 | Build | Farm |
| 15:44 | Create | Villager (Male) |
| 15:59 | Build | Farm |
| 16:05 | Create | Villager (Male) |
| 16:05 | Create | Villager (Male) |
| 16:07 | Build | Farm |
| 16:16 | Build | Farm |
| 16:22 | Build | Farm |
| 16:23 | Create | Villager (Male) |
| 16:25 | Build | Farm |
| 16:36 | Create | Villager (Male) |
| 16:36 | Create | Villager (Male) |
| 16:38 | Build | Farm |
| 16:42 | Build | House |
| 16:43 | Build | House |
| 16:44 | Create | Villager (Male) |
| 16:44 | Create | Villager (Male) |
| 16:56 | Build | Farm |
| 16:57 | Create | Villager (Male) |
| 16:58 | Build | Farm |
| 17:10 | Create | Villager (Male) |
| 17:10 | Create | Villager (Male) |
| 17:14 | Create | Villager (Male) |
| 17:14 | Create | Villager (Male) |
| 17:30 | Create | Villager (Male) |
| 17:35 | Create | Villager (Male) |
| 17:46 | Create | Villager (Male) |
| 17:52 | Create | Villager (Male) |
| 17:52 | Create | Villager (Male) |
| 17:56 | Build | Farm |
| 17:56 | Build | Farm |
| 17:57 | Create | Villager (Male) |
| 17:59 | Build | Farm |
| 17:59 | Build | Farm |
| 18:06 | Build | Town Center |
| 18:07 | Create | Villager (Male) |
| 18:16 | Create | Villager (Male) |
| 18:18 | Build | House |
| 18:19 | Build | House |
| 18:25 | Create | Villager (Male) |
| 18:28 | Build | Farm |
| 18:29 | Create | Villager (Male) |
| 18:33 | Build | Farm |
| 18:42 | Create | Villager (Male) |
| 18:52 | Create | Villager (Male) |
| 18:54 | Build | Farm |
| 18:55 | Build | Farm |
| 18:56 | Create | Villager (Male) |
| 19:01 | Create | Villager (Male) |
| 19:03 | Build | Barracks |
| 19:12 | Build | Farm |
| 19:13 | Create | Villager (Male) |
| 19:17 | Build | Farm |
| 19:19 | Build | Farm |
| 19:24 | Build | Farm |
| 19:25 | Create | Villager (Male) |
| 19:27 | Create | Villager (Male) |
| 19:34 | Build | Farm |
| 19:34 | Create | Villager (Male) |
| 19:41 | Build | Farm |
| 19:42 | Create | Villager (Male) |
| 19:42 | Create | Villager (Male) |
| 19:44 | Build | Farm |
| 19:51 | Build | Farm |
| 19:52 | Create | Villager (Male) |
| 19:58 | Create | Villager (Male) |
| 20:02 | Build | House |
| 20:03 | Create | Villager (Male) |
| 20:03 | Create | Villager (Male) |
| 20:06 | Build | Farm |
| 20:06 | Create | Villager (Male) |
| 20:11 | Create | Spearman |
| 20:18 | Build | Farm |
| 20:19 | Create | Villager (Male) |
| 20:19 | Create | Villager (Male) |
| 20:23 | Build | House |
| 20:25 | Create | Villager (Male) |
| 20:30 | Build | Lumber Camp |
| 20:30 | Create | Villager (Male) |
| 20:33 | Build | Farm |
Build order — QNA | Apachai Hopachai
First 150 of 543 actions detected
| 0:01 | Create | Villager (Male) |
| 0:01 | Create | Villager (Male) |
| 0:01 | Create | Villager (Male) |
| 0:03 | Build | House |
| 0:04 | Build | House |
| 0:12 | Create | Villager (Male) |
| 0:12 | Create | Villager (Male) |
| 1:24 | Create | Villager (Male) |
| 1:25 | Create | Villager (Male) |
| 1:48 | Build | Lumber Camp |
| 1:54 | Create | Villager (Male) |
| 1:54 | Create | Villager (Male) |
| 2:17 | Create | Villager (Male) |
| 2:18 | Create | Villager (Male) |
| 2:31 | Create | Villager (Male) |
| 2:32 | Create | Villager (Male) |
| 2:54 | Create | Villager (Male) |
| 2:54 | Create | Villager (Male) |
| 3:16 | Create | Villager (Male) |
| 3:16 | Create | Villager (Male) |
| 3:25 | Build | House |
| 3:26 | Build | House |
| 3:38 | Create | Villager (Male) |
| 3:38 | Create | Villager (Male) |
| 4:08 | Create | Villager (Male) |
| 4:08 | Create | Villager (Male) |
| 4:38 | Build | Mill |
| 4:45 | Create | Villager (Male) |
| 4:45 | Create | Villager (Male) |
| 5:12 | Create | Villager (Male) |
| 5:15 | Create | Villager (Male) |
| 5:16 | Create | Villager (Male) |
| 5:56 | Create | Villager (Male) |
| 6:19 | Create | Villager (Male) |
| 6:45 | Build | Mining Camp |
| 7:04 | Create | Villager (Male) |
| 7:34 | Research | Feudal Age |
| 7:34 | Research | Feudal Age |
| 8:48 | Research | Loom |
| 9:10 | Build | Palisade Wall |
| 9:13 | Build | Palisade Wall |
| 9:44 | Age | Feudal Age |
| 9:45 | Create | Villager (Male) |
| 9:46 | Create | Villager (Male) |
| 9:49 | Build | Market |
| 9:52 | Build | Palisade Wall |
| 9:58 | Build | Blacksmith |
| 10:00 | Create | Villager (Male) |
| 10:07 | Build | Watch Tower |
| 10:28 | Build | House |
| 11:07 | Build | Mining Camp |
| 11:21 | Build | Stone Wall |
| 11:23 | Build | Stone Wall |
| 11:43 | Build | House |
| 11:50 | Build | Gate |
| 12:26 | Research | Castle Age |
| 13:02 | Build | Gate |
| 13:52 | Build | Stone Wall |
| 13:57 | Build | Gate |
| 14:06 | Build | House |
| 14:20 | Build | House |
| 15:06 | Age | Castle Age |
| 15:11 | Build | Town Center |
| 15:12 | Create | Villager (Male) |
| 15:17 | Build | Gate |
| 15:36 | Create | Villager (Male) |
| 16:18 | Create | Villager (Male) |
| 16:19 | Create | Villager (Male) |
| 16:28 | Create | Villager (Male) |
| 16:32 | Build | Siege Workshop |
| 16:36 | Create | Villager (Male) |
| 16:39 | Build | Farm |
| 16:50 | Build | Gate |
| 17:15 | Create | Mangonel |
| 17:32 | Build | Farm |
| 17:35 | Build | Farm |
| 17:44 | Build | Farm |
| 17:51 | Create | Villager (Male) |
| 18:44 | Build | Farm |
| 18:52 | Build | Farm |
| 18:54 | Build | Farm |
| 18:55 | Create | Villager (Male) |
| 19:29 | Create | Villager (Male) |
| 19:29 | Create | Villager (Male) |
| 19:38 | Build | Farm |
| 19:40 | Build | Farm |
| 19:57 | Create | Villager (Male) |
| 19:58 | Create | Villager (Male) |
| 20:25 | Create | Villager (Male) |
| 20:25 | Create | Villager (Male) |
| 21:11 | Build | House |
| 21:15 | Create | Villager (Male) |
| 21:19 | Build | Farm |
| 21:21 | Create | Villager (Male) |
| 21:21 | Create | Villager (Male) |
| 21:39 | Build | Farm |
| 21:40 | Build | Farm |
| 21:42 | Create | Villager (Male) |
| 21:42 | Create | Villager (Male) |
| 21:54 | Research | Double-Bit Axe |
| 22:07 | Build | Farm |
| 22:10 | Research | Horse Collar |
| 22:20 | Create | Villager (Male) |
| 22:27 | Build | Farm |
| 22:32 | Create | Villager (Male) |
| 22:32 | Create | Villager (Male) |
| 22:47 | Build | House |
| 22:51 | Create | Villager (Male) |
| 22:52 | Create | Villager (Male) |
| 22:59 | Build | Monastery |
| 23:02 | Create | Villager (Male) |
| 23:02 | Create | Villager (Male) |
| 23:19 | Build | Castle |
| 23:26 | Create | Monk |
| 23:41 | Create | Villager (Male) |
| 23:41 | Create | Villager (Male) |
| 23:42 | Create | Villager (Male) |
| 23:46 | Build | House |
| 23:49 | Build | Farm |
| 23:50 | Create | Villager (Male) |
| 23:51 | Create | Villager (Male) |
| 24:31 | Create | Villager (Male) |
| 24:36 | Build | Farm |
| 24:38 | Build | Farm |
| 24:49 | Create | Villager (Male) |
| 24:49 | Create | Villager (Male) |
| 25:02 | Create | Villager (Male) |
| 25:05 | Build | Farm |
| 25:07 | Build | Farm |
| 25:10 | Research | Bow Saw |
| 25:12 | Create | Villager (Male) |
| 25:18 | Build | Farm |
| 25:27 | Create | Villager (Male) |
| 25:27 | Create | Villager (Male) |
| 25:36 | Create | Villager (Male) |
| 25:53 | Research | Heavy Plow |
| 26:38 | Create | Villager (Male) |
| 26:48 | Create | Villager (Male) |
| 26:48 | Create | Villager (Male) |
| 26:53 | Build | Town Center |
| 26:55 | Create | Villager (Male) |
| 26:59 | Create | Armored Elephant |
| 27:07 | Research | Fletching |
| 27:08 | Create | Villager (Male) |
| 27:08 | Create | Villager (Male) |
| 27:11 | Build | Farm |
| 27:14 | Build | Farm |
| 27:18 | Build | Farm |
| 27:22 | Build | Farm |
| 27:24 | Create | Villager (Male) |
Build order — nordap
First 150 of 499 actions detected
| 0:01 | Create | Villager (Male) |
| 0:02 | Create | Villager (Male) |
| 0:02 | Create | Villager (Male) |
| 0:04 | Build | House |
| 0:05 | Create | Villager (Male) |
| 0:05 | Create | Villager (Male) |
| 0:07 | Build | House |
| 1:31 | Create | Villager (Male) |
| 1:31 | Create | Villager (Male) |
| 1:32 | Create | Villager (Male) |
| 1:32 | Create | Villager (Male) |
| 1:57 | Create | Villager (Male) |
| 1:59 | Build | Lumber Camp |
| 2:31 | Create | Villager (Male) |
| 2:31 | Create | Villager (Male) |
| 2:44 | Create | Villager (Male) |
| 3:03 | Create | Villager (Male) |
| 3:22 | Create | Villager (Male) |
| 3:40 | Create | Villager (Male) |
| 3:40 | Create | Villager (Male) |
| 3:56 | Build | House |
| 4:04 | Create | Villager (Male) |
| 4:15 | Build | House |
| 4:15 | Build | House |
| 4:34 | Create | Villager (Male) |
| 4:41 | Build | Mill |
| 4:54 | Create | Villager (Male) |
| 5:37 | Create | Villager (Male) |
| 5:37 | Create | Villager (Male) |
| 5:37 | Create | Villager (Male) |
| 5:52 | Create | Villager (Male) |
| 6:10 | Create | Villager (Male) |
| 6:26 | Create | Villager (Male) |
| 6:28 | Build | Mining Camp |
| 6:52 | Create | Villager (Male) |
| 6:53 | Create | Villager (Male) |
| 7:07 | Create | Villager (Male) |
| 7:07 | Create | Villager (Male) |
| 7:17 | Create | Villager (Male) |
| 7:30 | Create | Villager (Male) |
| 7:44 | Build | Palisade Wall |
| 8:51 | Build | Mining Camp |
| 9:01 | Research | Feudal Age |
| 9:28 | Build | Farm |
| 9:31 | Build | Farm |
| 10:02 | Build | Farm |
| 11:09 | Create | Villager (Male) |
| 11:09 | Create | Villager (Male) |
| 11:22 | Age | Feudal Age |
| 11:24 | Build | Market |
| 11:25 | Build | Blacksmith |
| 12:15 | Research | Castle Age |
| 12:16 | Research | Castle Age |
| 12:41 | Build | House |
| 12:42 | Build | House |
| 12:51 | Research | Horse Collar |
| 12:54 | Build | Farm |
| 13:25 | Build | House |
| 13:26 | Build | House |
| 13:37 | Research | Double-Bit Axe |
| 13:44 | Build | Farm |
| 14:46 | Create | Villager (Male) |
| 14:47 | Create | Villager (Male) |
| 14:55 | Age | Castle Age |
| 14:59 | Build | Castle |
| 15:33 | Create | Villager (Male) |
| 15:34 | Build | Farm |
| 15:41 | Build | Town Center |
| 16:04 | Build | Farm |
| 16:09 | Create | Villager (Male) |
| 16:26 | Build | Town Center |
| 16:30 | Create | Villager (Male) |
| 16:31 | Create | Longbowman |
| 16:31 | Create | Longbowman |
| 16:37 | Build | Farm |
| 16:45 | Create | Villager (Male) |
| 16:48 | Build | Farm |
| 16:52 | Create | Longbowman |
| 16:53 | Create | Longbowman |
| 17:04 | Create | Longbowman |
| 17:05 | Create | Villager (Male) |
| 17:07 | Create | Petard |
| 17:21 | Build | Farm |
| 17:23 | Build | Farm |
| 17:26 | Create | Villager (Male) |
| 17:33 | Create | Longbowman |
| 17:43 | Build | Farm |
| 17:48 | Create | Longbowman |
| 17:49 | Create | Villager (Male) |
| 17:50 | Create | Villager (Male) |
| 17:58 | Create | Villager (Male) |
| 18:04 | Build | Farm |
| 18:19 | Create | Petard |
| 18:24 | Research | Fletching |
| 18:33 | Build | Farm |
| 18:39 | Create | Longbowman |
| 18:40 | Create | Villager (Male) |
| 18:44 | Build | Farm |
| 19:10 | Create | Longbowman |
| 19:10 | Create | Villager (Male) |
| 19:11 | Create | Villager (Male) |
| 19:11 | Create | Villager (Male) |
| 19:13 | Build | Farm |
| 19:16 | Build | Farm |
| 19:23 | Create | Longbowman |
| 19:27 | Create | Villager (Male) |
| 19:27 | Create | Villager (Male) |
| 19:38 | Create | Longbowman |
| 19:58 | Create | Longbowman |
| 19:58 | Create | Longbowman |
| 20:04 | Create | Villager (Male) |
| 20:04 | Create | Villager (Male) |
| 20:27 | Build | Farm |
| 20:31 | Create | Longbowman |
| 20:31 | Create | Longbowman |
| 20:32 | Create | Villager (Male) |
| 20:32 | Create | Villager (Male) |
| 20:32 | Create | Villager (Male) |
| 20:32 | Create | Villager (Male) |
| 20:51 | Create | Villager (Male) |
| 20:51 | Create | Villager (Male) |
| 20:55 | Build | Town Center |
| 21:10 | Create | Villager (Male) |
| 21:10 | Create | Villager (Male) |
| 21:33 | Create | Villager (Male) |
| 21:33 | Create | Villager (Male) |
| 21:34 | Create | Villager (Male) |
| 21:43 | Build | Farm |
| 21:44 | Build | Farm |
| 21:51 | Build | Farm |
| 21:52 | Build | Farm |
| 21:57 | Create | Longbowman |
| 21:58 | Create | Longbowman |
| 21:58 | Create | Villager (Male) |
| 21:59 | Create | Villager (Male) |
| 21:59 | Create | Villager (Male) |
| 22:03 | Build | Farm |
| 22:17 | Create | Villager (Male) |
| 22:17 | Create | Villager (Male) |
| 22:17 | Create | Villager (Male) |
| 22:41 | Research | Bodkin Arrow |
| 22:41 | Create | Villager (Male) |
| 22:45 | Build | House |
| 22:48 | Build | House |
| 22:48 | Create | Villager (Male) |
| 22:50 | Build | University |
| 23:08 | Create | Longbowman |
| 23:08 | Create | Longbowman |
| 23:09 | Create | Villager (Male) |
| 23:09 | Create | Villager (Male) |
Build order — Warking
First 150 of 352 actions detected
| 0:03 | Build | House |
| 0:03 | Create | Villager (Male) |
| 0:04 | Create | Villager (Male) |
| 0:04 | Build | House |
| 0:27 | Create | Villager (Male) ×2 |
| 0:28 | Create | Villager (Male) ×2 |
| 1:33 | Create | Villager (Male) |
| 1:47 | Build | Lumber Camp |
| 2:02 | Create | Villager (Male) |
| 2:31 | Create | Villager (Male) |
| 2:31 | Create | Villager (Male) |
| 2:49 | Create | Villager (Male) |
| 3:25 | Create | Villager (Male) |
| 3:51 | Create | Villager (Male) |
| 3:57 | Build | House |
| 4:17 | Create | Villager (Male) |
| 4:17 | Create | Villager (Male) |
| 4:17 | Create | Villager (Male) |
| 4:29 | Create | Villager (Male) |
| 4:29 | Create | Villager (Male) |
| 4:53 | Create | Villager (Male) |
| 4:53 | Create | Villager (Male) |
| 5:15 | Build | Mill |
| 5:54 | Create | Villager (Male) |
| 6:08 | Build | House |
| 6:37 | Create | Villager (Male) |
| 7:00 | Create | Villager (Male) |
| 7:31 | Create | Villager (Male) |
| 7:32 | Create | Villager (Male) |
| 7:49 | Research | Feudal Age |
| 8:06 | Build | Mining Camp |
| 9:25 | Build | House |
| 9:39 | Create | Villager (Male) |
| 9:39 | Create | Villager (Male) |
| 10:37 | Age | Feudal Age |
| 10:39 | Build | Market |
| 10:43 | Build | Blacksmith |
| 11:27 | Build | Lumber Camp |
| 11:31 | Research | Castle Age |
| 11:31 | Research | Castle Age |
| 11:33 | Research | Double-Bit Axe |
| 11:53 | Build | House |
| 12:36 | Build | House |
| 12:40 | Research | Horse Collar |
| 12:43 | Build | Farm |
| 12:48 | Build | Farm |
| 12:49 | Build | Farm |
| 12:54 | Build | Farm |
| 12:55 | Build | Farm |
| 12:57 | Build | Farm |
| 12:58 | Build | Farm |
| 13:02 | Build | Farm |
| 13:08 | Build | House |
| 14:11 | Age | Castle Age |
| 14:17 | Build | Town Center |
| 14:28 | Build | Town Center |
| 14:30 | Create | Villager (Male) |
| 14:49 | Create | Villager (Male) |
| 15:13 | Create | Villager (Male) |
| 15:18 | Build | Farm |
| 15:24 | Create | Villager (Male) |
| 15:26 | Build | Farm |
| 15:48 | Create | Villager (Male) |
| 15:51 | Create | Villager (Male) |
| 15:55 | Create | Villager (Male) |
| 15:59 | Build | Farm |
| 16:01 | Build | Farm |
| 16:04 | Build | Farm |
| 16:07 | Create | Villager (Male) |
| 16:15 | Build | Farm |
| 16:19 | Create | Villager (Male) |
| 16:19 | Create | Villager (Male) |
| 16:22 | Build | Farm |
| 16:30 | Build | Farm |
| 16:33 | Create | Villager (Male) |
| 16:33 | Create | Villager (Male) |
| 16:44 | Build | Farm |
| 16:51 | Create | Villager (Male) |
| 16:57 | Build | Farm |
| 17:01 | Create | Villager (Male) |
| 17:07 | Build | Farm |
| 17:07 | Create | Villager (Male) |
| 17:17 | Build | Farm |
| 17:20 | Create | Villager (Male) |
| 17:29 | Build | Farm |
| 17:30 | Create | Villager (Male) |
| 17:30 | Create | Villager (Male) |
| 17:43 | Create | Villager (Male) |
| 17:47 | Create | Villager (Male) |
| 17:50 | Create | Villager (Male) |
| 17:58 | Create | Villager (Male) |
| 18:04 | Build | Mining Camp |
| 18:06 | Create | Villager (Male) |
| 18:08 | Build | Farm |
| 18:10 | Build | Farm |
| 18:15 | Create | Villager (Male) |
| 18:25 | Create | Villager (Male) |
| 18:32 | Build | Farm |
| 18:42 | Create | Villager (Male) |
| 18:56 | Create | Villager (Male) |
| 18:56 | Create | Villager (Male) |
| 18:58 | Research | Stone Mining |
| 19:00 | Create | Villager (Male) |
| 19:03 | Build | Farm |
| 19:07 | Build | Farm |
| 19:08 | Build | Farm |
| 19:09 | Create | Villager (Male) |
| 19:12 | Build | House |
| 19:13 | Build | House |
| 19:14 | Create | Villager (Male) |
| 19:18 | Build | Farm |
| 19:32 | Create | Villager (Male) |
| 19:32 | Create | Villager (Male) |
| 19:42 | Create | Villager (Male) |
| 19:45 | Build | Barracks |
| 19:46 | Create | Villager (Male) |
| 20:02 | Create | Villager (Male) |
| 20:15 | Create | Villager (Male) |
| 20:20 | Create | Villager (Male) |
| 20:25 | Create | Villager (Male) |
| 20:30 | Research | Fletching |
| 20:38 | Create | Villager (Male) |
| 20:43 | Build | Archery Range |
| 20:44 | Build | Archery Range |
| 20:46 | Create | Villager (Male) |
| 20:58 | Create | Villager (Male) |
| 21:09 | Create | Villager (Male) |
| 21:15 | Build | House |
| 21:16 | Build | House |
| 21:33 | Create | Villager (Male) |
| 21:38 | Research | Elite Skirmisher (upgrade) |
| 21:41 | Build | Archery Range |
| 21:43 | Create | Skirmisher |
| 21:43 | Create | Skirmisher |
| 21:44 | Create | Villager (Male) |
| 21:46 | Research | Bodkin Arrow |
| 21:52 | Build | House |
| 21:58 | Build | House |
| 21:59 | Build | House |
| 21:59 | Build | House |
| 22:00 | Build | House |
| 22:01 | Create | Villager (Male) |
| 22:08 | Research | Padded Archer Armor |
| 22:17 | Create | Villager (Male) |
| 22:17 | Create | Villager (Male) |
| 22:21 | Build | Farm |
| 22:22 | Build | Farm |
| 22:26 | Create | Skirmisher |
| 22:27 | Create | Skirmisher |
| 22:40 | Build | House |
Build order — 梅子雨
First 150 of 709 actions detected
| 0:02 | Create | Villager (Male) |
| 0:02 | Create | Villager (Male) |
| 0:02 | Create | Villager (Male) |
| 0:04 | Build | House |
| 0:05 | Build | House |
| 0:38 | Create | Villager (Male) |
| 0:39 | Create | Villager (Male) |
| 1:11 | Build | Mill |
| 1:36 | Create | Villager (Male) |
| 2:15 | Build | Lumber Camp |
| 2:16 | Create | Villager (Male) |
| 2:20 | Create | Villager (Male) |
| 2:54 | Create | Villager (Male) |
| 3:17 | Create | Villager (Male) |
| 3:39 | Build | House |
| 3:52 | Create | Villager (Male) |
| 3:52 | Create | Villager (Male) |
| 4:07 | Build | House |
| 4:41 | Create | Villager (Male) |
| 4:50 | Create | Villager (Male) |
| 5:01 | Create | Villager (Male) |
| 5:24 | Create | Villager (Male) |
| 5:56 | Create | Villager (Male) |
| 6:03 | Create | Villager (Male) |
| 6:51 | Create | Villager (Male) |
| 6:52 | Create | Villager (Male) |
| 7:03 | Create | Villager (Male) |
| 8:12 | Research | Feudal Age |
| 8:13 | Research | Feudal Age |
| 9:13 | Build | House |
| 9:43 | Build | Lumber Camp |
| 10:20 | Create | Villager (Male) |
| 10:21 | Create | Villager (Male) |
| 10:26 | Age | Feudal Age |
| 10:29 | Build | Market |
| 10:34 | Build | Blacksmith |
| 11:20 | Research | Castle Age |
| 11:20 | Research | Castle Age |
| 12:12 | Build | House |
| 12:14 | Build | House |
| 12:32 | Research | Double-Bit Axe |
| 12:33 | Research | Double-Bit Axe |
| 13:08 | Build | Farm |
| 13:09 | Build | Farm |
| 13:09 | Build | Farm |
| 13:09 | Build | Farm |
| 13:10 | Build | Farm |
| 13:16 | Build | House |
| 13:19 | Build | House |
| 13:34 | Build | Farm |
| 13:35 | Build | Farm |
| 13:35 | Build | Farm |
| 13:36 | Build | Farm |
| 13:44 | Build | Farm |
| 13:45 | Build | Farm |
| 13:45 | Age | Castle Age |
| 13:48 | Create | Villager (Male) |
| 13:54 | Build | Town Center |
| 14:04 | Build | House |
| 14:04 | Build | House |
| 14:10 | Build | Town Center |
| 14:18 | Build | Farm |
| 14:23 | Create | Villager (Male) |
| 14:34 | Build | Farm |
| 14:42 | Create | Villager (Male) |
| 14:48 | Build | Farm |
| 15:02 | Research | Horse Collar |
| 15:12 | Create | Villager (Male) |
| 15:22 | Create | Villager (Male) |
| 15:28 | Build | Farm |
| 15:35 | Create | Villager (Male) |
| 15:41 | Build | Farm |
| 15:42 | Build | Farm |
| 15:42 | Build | Farm |
| 15:43 | Build | Farm |
| 15:47 | Create | Villager (Male) |
| 15:55 | Create | Villager (Male) |
| 16:05 | Create | Villager (Male) |
| 16:10 | Build | Farm |
| 16:15 | Create | Villager (Male) |
| 16:18 | Build | Farm |
| 16:21 | Build | Farm |
| 16:24 | Create | Villager (Male) |
| 16:31 | Build | Farm |
| 16:31 | Create | Villager (Male) |
| 16:39 | Create | Villager (Male) |
| 16:47 | Build | Farm |
| 16:47 | Build | Farm |
| 16:48 | Build | Farm |
| 16:57 | Create | Villager (Male) |
| 17:01 | Create | Villager (Male) |
| 17:08 | Create | Villager (Male) |
| 17:12 | Create | Villager (Male) |
| 17:14 | Build | Farm |
| 17:14 | Build | Farm |
| 17:14 | Build | Farm |
| 17:23 | Create | Villager (Male) |
| 17:47 | Create | Villager (Male) |
| 17:49 | Build | Farm |
| 17:50 | Create | Villager (Male) |
| 17:51 | Create | Villager (Male) |
| 18:00 | Create | Villager (Male) |
| 18:01 | Create | Villager (Male) |
| 18:08 | Build | Farm |
| 18:15 | Build | Farm |
| 18:22 | Build | Farm |
| 18:23 | Build | Farm |
| 18:24 | Build | Farm |
| 18:28 | Create | Villager (Male) |
| 18:28 | Create | Villager (Male) |
| 18:29 | Create | Villager (Male) |
| 18:31 | Create | Villager (Male) |
| 18:34 | Create | Villager (Male) |
| 18:48 | Research | Bow Saw |
| 18:57 | Create | Villager (Male) |
| 18:59 | Create | Villager (Male) |
| 19:10 | Create | Villager (Male) |
| 19:11 | Create | Villager (Male) |
| 19:18 | Build | Siege Workshop |
| 19:21 | Create | Villager (Male) |
| 19:21 | Create | Villager (Male) |
| 19:38 | Build | Town Center |
| 19:41 | Create | Villager (Male) |
| 19:42 | Create | Villager (Male) |
| 19:58 | Research | Wheelbarrow |
| 19:58 | Research | Wheelbarrow |
| 19:59 | Create | Villager (Male) |
| 20:01 | Create | Villager (Male) |
| 20:10 | Research | Heavy Plow |
| 20:10 | Research | Heavy Plow |
| 20:18 | Build | Farm |
| 20:19 | Build | Farm |
| 20:20 | Build | Farm |
| 20:24 | Build | House |
| 20:28 | Build | House |
| 20:29 | Build | House |
| 20:30 | Build | House |
| 20:32 | Build | House |
| 20:33 | Build | House |
| 20:35 | Create | Villager (Male) |
| 20:36 | Create | Villager (Male) |
| 20:36 | Create | Villager (Male) |
| 20:50 | Build | Mining Camp |
| 20:54 | Create | Villager (Male) |
| 20:55 | Create | Villager (Male) |
| 21:06 | Build | Farm |
| 21:06 | Build | Farm |
| 21:07 | Build | Farm |
| 21:07 | Build | Farm |
| 21:07 | Build | Farm |
Build order — DS_Moai
First 150 of 574 actions detected
| 0:01 | Create | Villager (Male) |
| 0:01 | Create | Villager (Male) |
| 0:02 | Create | Villager (Male) |
| 0:03 | Build | House |
| 0:04 | Build | House |
| 0:18 | Create | Villager (Male) |
| 0:18 | Create | Villager (Male) |
| 1:32 | Create | Villager (Male) |
| 1:32 | Create | Villager (Male) |
| 2:07 | Create | Villager (Male) |
| 2:08 | Create | Villager (Male) |
| 2:20 | Create | Villager (Male) |
| 2:21 | Create | Villager (Male) |
| 2:25 | Build | Lumber Camp |
| 2:44 | Create | Villager (Male) |
| 2:44 | Create | Villager (Male) |
| 3:16 | Create | Villager (Male) |
| 3:17 | Create | Villager (Male) |
| 3:37 | Build | House |
| 3:45 | Create | Villager (Male) |
| 3:47 | Create | Villager (Male) |
| 3:47 | Create | Villager (Male) |
| 4:15 | Build | Mill |
| 4:28 | Create | Villager (Male) |
| 4:28 | Create | Villager (Male) |
| 5:04 | Create | Villager (Male) |
| 5:11 | Build | House |
| 5:15 | Create | Villager (Male) |
| 5:46 | Create | Villager (Male) |
| 5:57 | Create | Villager (Male) |
| 6:33 | Build | Lumber Camp |
| 6:34 | Create | Villager (Male) |
| 6:55 | Create | Villager (Male) |
| 7:00 | Create | Villager (Male) |
| 7:25 | Create | Villager (Male) |
| 7:44 | Build | Farm |
| 7:46 | Build | Farm |
| 8:06 | Build | House |
| 8:21 | Create | Villager (Male) |
| 8:47 | Create | Villager (Male) |
| 8:59 | Build | Mining Camp |
| 9:01 | Build | Farm |
| 9:04 | Build | Farm |
| 9:09 | Research | Feudal Age |
| 10:00 | Build | Barracks |
| 11:18 | Create | Villager (Male) |
| 11:24 | Age | Feudal Age |
| 11:28 | Build | Stable |
| 11:41 | Build | Market |
| 11:42 | Create | Villager (Male) |
| 12:27 | Research | Castle Age |
| 12:27 | Research | Castle Age |
| 12:39 | Build | House |
| 12:55 | Research | Double-Bit Axe |
| 12:56 | Create | Scout Cavalry |
| 12:56 | Create | Scout Cavalry |
| 13:25 | Research | Horse Collar |
| 13:32 | Build | Farm |
| 13:32 | Build | Farm |
| 13:45 | Build | Farm |
| 13:47 | Build | Farm |
| 13:59 | Build | Farm |
| 14:01 | Build | Farm |
| 14:19 | Create | Scout Cavalry |
| 14:43 | Build | Farm |
| 15:04 | Create | Villager (Male) |
| 15:07 | Age | Castle Age |
| 15:15 | Build | Town Center |
| 15:31 | Create | Villager (Male) |
| 15:34 | Research | Bow Saw |
| 16:02 | Create | Villager (Male) |
| 16:03 | Create | Villager (Male) |
| 16:06 | Build | House |
| 16:35 | Build | Town Center |
| 16:37 | Create | Villager (Male) |
| 16:37 | Create | Villager (Male) |
| 16:42 | Create | Villager (Male) |
| 16:44 | Research | Heavy Plow |
| 16:56 | Build | Farm |
| 16:58 | Create | Villager (Male) |
| 17:06 | Build | Farm |
| 17:26 | Create | Villager (Male) |
| 17:27 | Create | Villager (Male) |
| 17:28 | Build | Farm |
| 17:30 | Build | Farm |
| 17:37 | Create | Villager (Male) |
| 17:44 | Build | Farm |
| 17:59 | Create | Villager (Male) |
| 18:00 | Build | Farm |
| 18:03 | Build | Farm |
| 18:04 | Create | Villager (Male) |
| 18:04 | Create | Villager (Male) |
| 18:24 | Create | Villager (Male) |
| 18:25 | Create | Villager (Male) |
| 18:28 | Build | Farm |
| 18:31 | Build | Monastery |
| 18:38 | Create | Villager (Male) |
| 18:41 | Build | Farm |
| 18:45 | Create | Villager (Male) |
| 18:45 | Create | Villager (Male) |
| 18:49 | Build | Farm |
| 18:51 | Build | Farm |
| 18:53 | Build | Farm |
| 18:57 | Create | Villager (Male) |
| 18:57 | Create | Villager (Male) |
| 19:13 | Create | Villager (Male) |
| 19:13 | Create | Villager (Male) |
| 19:15 | Build | Farm |
| 19:23 | Create | Villager (Male) |
| 19:28 | Build | Palisade Wall |
| 19:30 | Create | Villager (Male) |
| 19:30 | Create | Villager (Male) |
| 19:38 | Create | Villager (Male) |
| 19:38 | Create | Villager (Male) |
| 19:44 | Build | House |
| 19:46 | Create | Scout Cavalry |
| 19:48 | Create | Villager (Male) |
| 19:50 | Build | Farm |
| 19:54 | Build | Farm |
| 20:18 | Create | Villager (Male) |
| 20:23 | Create | Monk |
| 20:28 | Build | Town Center |
| 20:30 | Create | Villager (Male) |
| 20:33 | Build | Farm |
| 20:34 | Build | Farm |
| 20:34 | Create | Villager (Male) |
| 20:35 | Create | Villager (Male) |
| 20:35 | Create | Villager (Male) |
| 20:37 | Build | House |
| 20:40 | Build | Farm |
| 20:48 | Create | Knight |
| 21:10 | Create | Villager (Male) |
| 21:12 | Build | Blacksmith |
| 21:25 | Research | Wheelbarrow |
| 21:26 | Create | Monk |
| 21:42 | Build | House |
| 21:43 | Build | House |
| 21:50 | Create | Villager (Male) |
| 21:50 | Create | Villager (Male) |
| 21:59 | Build | Blacksmith |
| 22:10 | Create | Villager (Male) |
| 22:10 | Create | Villager (Male) |
| 22:15 | Research | Gold Mining |
| 22:17 | Build | House |
| 22:21 | Build | Farm |
| 22:24 | Create | Villager (Male) |
| 22:27 | Build | Siege Workshop |
| 22:28 | Create | Villager (Male) |
| 22:28 | Create | Villager (Male) |
| 22:38 | Research | Scale Barding Armor |
Match timeline
| 7:44 | nordap · wall_segment Palisade Wall x1 |
| 8:31 | DL | Tortafuller · age_up feudal |
| 9:10 | QNA | Apachai Hopachai · wall_segment Palisade Wall x11 |
| 9:13 | QNA | Apachai Hopachai · wall_segment Palisade Wall x7 |
| 9:44 | QNA | Apachai Hopachai · age_up feudal |
| 9:52 | QNA | Apachai Hopachai · wall_segment Palisade Wall x1 |
| 10:00 | DS_Moai · first_building Barracks |
| 10:26 | 梅子雨 · age_up feudal |
| 10:31 | T1m · age_up feudal |
| 10:32 | DS_TheHeartless · age_up feudal |
| 10:37 | Warking · age_up feudal |
| 10:42 | T1m · wall_segment Palisade Wall x2 |
| 11:19 | 梅子雨 · first_market_sell 100 wood |
| 11:21 | QNA | Apachai Hopachai · wall_segment Stone Wall x5 |
| 11:22 | nordap · age_up feudal |
| 11:23 | QNA | Apachai Hopachai · wall_segment Stone Wall x1 |
| 11:24 | DS_Moai · age_up feudal |
| 11:28 | DS_Moai · first_building Stable |
| 11:28 | QNA | Apachai Hopachai · first_market_sell 100 wood |
| 12:25 | QNA | Apachai Hopachai · first_market_buy 100 food |
| 13:45 | 梅子雨 · age_up castle |
| 13:52 | QNA | Apachai Hopachai · wall_segment Stone Wall x5 |
| 14:02 | DS_TheHeartless · age_up castle |
| 14:05 | T1m · age_up castle |
| 14:11 | Warking · age_up castle |
| 14:15 | DS_TheHeartless · first_market_buy 100 wood |
| 14:55 | nordap · age_up castle |
| 14:59 | T1m · first_market_buy 100 food |
| 14:59 | nordap · first_building Castle |
| 15:06 | QNA | Apachai Hopachai · age_up castle |
| 15:07 | DS_Moai · age_up castle |
| 16:28 | DS_Moai · first_market_buy 100 wood |
| 16:32 | QNA | Apachai Hopachai · first_building Siege Workshop |
| 18:19 | nordap · first_market_buy 100 food |
| 18:31 | DS_Moai · first_building Monastery |
| 19:03 | DS_TheHeartless · first_building Barracks |
| 19:18 | 梅子雨 · first_building Siege Workshop |
| 19:28 | DS_Moai · wall_segment Palisade Wall x1 |
| 19:45 | Warking · first_building Barracks |
| 20:22 | DS_Moai · first_market_sell 100 wood |
| 20:43 | Warking · first_building Archery Range |
| 22:27 | DS_Moai · first_building Siege Workshop |
| 22:40 | nordap · first_market_sell 100 wood |
| 22:59 | QNA | Apachai Hopachai · first_building Monastery |
| 23:19 | QNA | Apachai Hopachai · first_building Castle |
| 23:35 | T1m · first_building Siege Workshop |
| 24:31 | 梅子雨 · first_building Monastery |
| 24:34 | Warking · first_market_sell 100 wood |
| 24:37 | T1m · first_building Castle |
| 24:49 | DS_TheHeartless · first_building Monastery |
| 24:59 | DL | Tortafuller · first_market_buy 100 stone |
| 25:03 | DL | Tortafuller · first_market_sell 100 wood |
| 25:03 | T1m · first_market_sell 100 wood |
| 25:46 | T1m · first_building Barracks |
| 25:52 | 梅子雨 · first_building Barracks |
| 25:54 | DS_TheHeartless · first_building Castle |
| 25:54 | DL | Tortafuller · age_up castle |
| 25:56 | DL | Tortafuller · first_building Castle |
| 26:29 | 梅子雨 · first_building Stable |
| 27:27 | 梅子雨 · first_building Castle |
| 28:12 | Warking · first_building Monastery |
| 28:14 | 梅子雨 · age_up imperial |
| 28:18 | T1m · wall_segment Palisade Wall x1 |
| 28:34 | T1m · age_up imperial |
| 28:53 | DS_TheHeartless · age_up imperial |
| 28:53 | DS_Moai · first_building Castle |
| 28:54 | QNA | Apachai Hopachai · wall_segment Stone Wall x1 |
| 29:13 | QNA | Apachai Hopachai · wall_segment Stone Wall x1 |
| 29:23 | QNA | Apachai Hopachai · wall_segment Stone Wall x1 |
| 29:51 | T1m · wall_segment Palisade Wall x1 |
| 30:07 | Warking · first_building Castle |
| 30:36 | nordap · first_building Barracks |
| 30:53 | DL | Tortafuller · age_up imperial |
| 31:18 | DS_Moai · first_building Krepost |
| 31:25 | DS_Moai · age_up imperial |
| 31:33 | DS_TheHeartless · first_market_sell 100 wood |
| 31:47 | nordap · first_building Archery Range |
| 32:01 | DS_TheHeartless · first_building Siege Workshop |
| 32:35 | nordap · age_up imperial |
| 32:38 | QNA | Apachai Hopachai · first_building Barracks |
| 33:14 | DL | Tortafuller · first_building Barracks |
| 33:17 | QNA | Apachai Hopachai · first_building Archery Range |
| 33:54 | DL | Tortafuller · first_building Archery Range |
| 34:17 | 梅子雨 · first_building Archery Range |
| 34:40 | DL | Tortafuller · wall_segment Palisade Wall x1 |
| 34:45 | Warking · age_up imperial |
| 35:21 | QNA | Apachai Hopachai · age_up imperial |
| 35:26 | DL | Tortafuller · wall_segment Palisade Wall x1 |
| 35:51 | DS_TheHeartless · tribute_sent a jugador 1 |
| 35:51 | DS_TheHeartless · tribute_sent a jugador 3 |
| 35:51 | DS_TheHeartless · tribute_sent a jugador 4 |
| 35:51 | DS_TheHeartless · tribute_sent a jugador 5 |
| 35:51 | DS_TheHeartless · tribute_sent a jugador 6 |
| 35:51 | DS_TheHeartless · tribute_sent a jugador 7 |
| 35:51 | DS_TheHeartless · tribute_sent a jugador 8 |
| 35:58 | DS_Moai · first_building Archery Range |
| 37:53 | Warking · first_building Siege Workshop |
| 39:24 | DL | Tortafuller · first_building Siege Workshop |
| 39:29 | QNA | Apachai Hopachai · first_building Stable |
| 41:00 | DS_Moai · tribute_sent a jugador 1 |
| 41:00 | DS_Moai · tribute_sent a jugador 2 |
| 41:00 | DS_Moai · tribute_sent a jugador 3 |
| 41:00 | DS_Moai · tribute_sent a jugador 4 |
| 41:00 | DS_Moai · tribute_sent a jugador 5 |
| 41:00 | DS_Moai · tribute_sent a jugador 6 |
| 41:00 | DS_Moai · tribute_sent a jugador 7 |
| 42:17 | DS_Moai · tribute_sent a jugador 1 |
| 42:17 | DS_Moai · tribute_sent a jugador 2 |
| 42:17 | DS_Moai · tribute_sent a jugador 3 |
| 42:17 | DS_Moai · tribute_sent a jugador 4 |
| 42:17 | DS_Moai · tribute_sent a jugador 5 |
| 42:17 | DS_Moai · tribute_sent a jugador 6 |
| 42:17 | DS_Moai · tribute_sent a jugador 7 |
| 44:04 | DL | Tortafuller · wall_segment Palisade Wall x1 |
| 44:06 | DL | Tortafuller · wall_segment Palisade Wall x1 |
| 44:13 | DL | Tortafuller · wall_segment Palisade Wall x1 |
| 44:14 | DL | Tortafuller · wall_segment Palisade Wall x1 |
| 45:41 | DS_Moai · tribute_sent a jugador 1 |
| 45:41 | DS_Moai · tribute_sent a jugador 2 |
| 45:41 | DS_Moai · tribute_sent a jugador 3 |
| 45:41 | DS_Moai · tribute_sent a jugador 4 |
| 45:41 | DS_Moai · tribute_sent a jugador 5 |
| 45:41 | DS_Moai · tribute_sent a jugador 6 |
| 45:41 | DS_Moai · tribute_sent a jugador 7 |
| 47:04 | DS_TheHeartless · tribute_sent a jugador 1 |
| 47:04 | DS_TheHeartless · tribute_sent a jugador 3 |
| 47:04 | DS_TheHeartless · tribute_sent a jugador 4 |
| 47:04 | DS_TheHeartless · tribute_sent a jugador 5 |
| 47:04 | DS_TheHeartless · tribute_sent a jugador 6 |
| 47:04 | DS_TheHeartless · tribute_sent a jugador 7 |
| 47:04 | DS_TheHeartless · tribute_sent a jugador 8 |
| 47:23 | DL | Tortafuller · tribute_sent a jugador 1 |
| 47:23 | DL | Tortafuller · tribute_sent a jugador 2 |
| 47:23 | DL | Tortafuller · tribute_sent a jugador 3 |
| 47:23 | DL | Tortafuller · tribute_sent a jugador 4 |
| 47:23 | DL | Tortafuller · tribute_sent a jugador 5 |
| 47:23 | DL | Tortafuller · tribute_sent a jugador 7 |
| 47:23 | DL | Tortafuller · tribute_sent a jugador 8 |
| 48:11 | DS_TheHeartless · wall_segment Palisade Wall x1 |
| 48:47 | DL | Tortafuller · first_building Stable |
| 48:51 | Warking · resign |
[ AI ANALYSIS · 1 CREDIT ]
What really happened in this match?
Wolo.gg analyzes every decision: build order, eco, micro, common mistakes by bracket. Personalized analysis on WhatsApp or Discord in 30 seconds.
Civ guide
Georgians
Perfil
Jugador #5540767